 Dungeon Crawl Stone Soup version 0.30.1-3-gfc49f6343a (webtiles) character file.

Game seed: 7370606649704312200

67 Bronimir the Stinger (level 4, -3/33 HPs)
             Began as a Draconian Venom Mage on July 29, 2023.
             Slain by an orc
             ... wielding a +0 flail
              (7 damage)
             ... on level 3 of the Dungeon.
             The game lasted 00:04:09 (2210 turns).

Bronimir the Stinger (Draconian Venom Mage)         Turns: 2210, Time: 00:04:09

Health: -3/33      AC:  5    Str: 10    XL:     4   Next: 0%
Magic:  3/7        EV: 12    Int: 18    God:
Gold:   133        SH:  0    Dex: 11    Spells: 1/7 levels left

rFire   . . .        b - +1 dagger (venom)
rCold   . . .        (no shield)
rNeg    . . .        (body armour unavailable)
rPois   .            (helmet restricted)
rElec   .            (no cloak)
rCorr   .            (no gloves)
SInv    .            (no boots)
Will    .....        (no amulet)
Stlth   ++           (no ring)
HPRegen 0.25/turn    (no ring)
MPRegen 0.10/turn

%: no passive effects
@: no status effects
A: AC +5, unfitting armour, cold-blooded
a: no special abilities


You were on level 3 of the Dungeon.
You visited 1 branch of the dungeon, and saw 3 of its levels.

You collected 133 gold pieces.

Inventory:

Hand Weapons
 b - a +1 dagger of venom (weapon)
 g - a +2 dagger of freezing
Missiles
 q - 6 boomerangs of dispersal
Jewellery
 h - an amulet of faith
Scrolls
 c - a scroll of identify {unknown}
 d - a scroll of immolation {unknown}
 i - a scroll of teleportation {unknown}
 j - 3 scrolls of noise {unknown}
 m - a scroll of enchant weapon {unknown}
 p - a scroll of enchant armour {unknown}
Potions
 a - a potion of magic
 e - a potion of resistance {unknown}
 f - a potion of ambrosia {unknown}
 k - a potion of lignification {unknown}
 l - a potion of degeneration {unknown}
 n - a potion of flight {unknown}
 o - a potion of curing {unknown}


   Skills:
 + Level 0.1 Fighting
 * Level 2.1 Dodging
 - Level 1.8 Stealth
 + Level 2.3 Spellcasting
 + Level 1.2 Transmutations
 * Level 4.3 Poison Magic


You had one spell level left.
You knew the following spells:

 Your Spells              Type           Power      Damage    Failure   Level
a - Sting                 Tmut/Pois      48%        1d5       5%          1
b - Poisonous Vapours     Pois/Air       18%        N/A       11%         2
c - Mephitic Cloud        Conj/Pois/Air  7%         N/A       28%         3

Your spell library contained the following spells:

 Spells                   Type           Power      Damage    Failure   Level
 Freeze                   Ice            8%         1d3       17%         1
 Slow                     Hex            8%         N/A       17%         1
 Olgreb's Toxic Radiance  Pois           17%        N/A       28%         4
 Confusing Touch          Hex            2%         N/A       45%         3
 Frozen Ramparts          Ice            4%         1d1       45%         3
 Hailstorm                Conj/Ice       2%         3d3       45%         3
 Vampiric Draining        Necr           2%         2d6       45%         3


Dungeon Overview and Level Annotations

Branches:
Dungeon (3/15)

Altars:


Innate Abilities, Weirdness & Mutations

Your plain brown scales are hard. (AC +5)
You cannot fit into any form of body armour.
You are cold-blooded and may be slowed by cold attacks.


Message History

The stinking cloud engulfs the orc wizard but does no damage.
The orc wizard is lightly wounded.
The stinking cloud engulfs the orc but does no damage.
You hear a shout! x2
The orc is engulfed in noxious fumes.
The orc appears confused.
The orc barely misses something.
The orc wizard is engulfed in noxious fumes.
The orc wizard appears confused.
An orc comes into view.
It is wielding a +2 dagger of electrocution.
Found a purple potion.
The orc shouts!
You hear a shout!
The orc is engulfed in noxious fumes.
The orc appears confused.
The orc barely misses the orc wizard.
Something closely misses the orc.
The orc wizard is engulfed in noxious fumes.
The orc wizard appears confused.
An orc comes into view. It is wielding a +0 flail.
The orc moves out of view.
The orc is engulfed in noxious fumes.
The orc appears confused.
The orc wizard hits the orc with a +0 dagger.
The orc wizard hits itself but does no damage.
You hit the orc but do no damage.
The orc is poisoned.
You tail-slap the orc, but do no damage.
The orc is severely wounded.
The orc hits you with a +0 hand axe.
A kobold comes into view.
It is wielding a +0 short sword and quivering poisoned darts.
The orc attacks as you move away!
The orc hits you with a +2 dagger of electrocution.
You are electrocuted!
Ouch! That really hurt!
* * * LOW HITPOINT WARNING * * *
The kobold throws a poisoned dart.
The poisoned dart closely misses you. The orc attacks as you move away!
The orc barely misses you.
You kill the orc!
You have reached level 4!
You feel clever.
You see here 12 gold pieces.
The orc attacks as you move away! The orc closely misses you.
You are too injured to fight recklessly!
You closely miss the orc. The orc hits you with a +0 flail!
You die...

..######.########..........
.(.......### #...........
##.#####.#.#####...........
.. #.......#........... ...
#.#.###.....K.......
....#####.###...........
......##...###K.........
.......##..............
#.@o.#......>.##.#
####.......†......
###o....?.....#
####)........
................
.......o........
..o.............
#######......... #####....


You could see 2 orcs and a kobold.

Vanquished Creatures
  An adder (D:2)
  A worm (D:2)
  2 dart slugs (D:1)
  An orc (D:3)
  3 bats
  2 endoplasms
  3 giant cockroaches
  3 goblins
  5 hobgoblins
  3 jackals (D:1)
  4 quokkas
  7 ball pythons
  4 frilled lizards (D:2)
  3 kobolds
  6 rats
48 creatures vanquished.

Notes
Turn   | Place    | Note
-------+----------+-------------------------------------------
     0 | D:1      | Bronimir the Draconian Venom Mage began the quest for the
                  | Orb.
     0 | D:1      | Reached XP level 1. HP: 14/14 MP: 3/3
   220 | D:1      | Reached XP level 2. HP: 20/20 MP: 5/5
   316 | D:1      | Learned a level 2 spell: Poisonous Vapours
   845 | D:1      | Reached XP level 3. HP: 26/26 MP: 6/6
   876 | D:1      | Learned a level 3 spell: Mephitic Cloud
   882 | D:1      | Reached skill level 4 in Poison Magic
  1959 | D:2      | Found a faded altar of an unknown god.
  2202 | D:3      | HP: 1/26 [orc/+2 dagger of electrocution (17)]
  2207 | D:3      | Reached XP level 4. HP: 3/33 MP: 3/7
  2210 | D:3      | Slain by an orc

Illustrated notes

Levels and vault maps discovered:
D:1:      lemuel_arrival_lava_pool, layout_basic, hex_tiny, nicolae_titane
D:2:      layout_loops_cross, shapermc_ecumenical_altar_mp_vishouse, st_stairs_1
D:3:      layout_rooms, portal_sewer_entry_a, grunt_decor_fettered, uniq_ijyb,
          uniq_grinder

Skill      XL: |  1  2  3 |
---------------+----------+-----
Dodging        | 2 |  2.1
Poison Magic   | 4 |  4.3
Fighting       | |  0.1
Stealth        | |  1.8
Spellcasting   | |  2.3
Transmutations | |  1.2

Action                     |  1- 3 |  4- 6 || total
---------------------------+-------+-------++-------
  Melee: Dagger            |    69 |     1 ||    70
         Unarmed           |     1 |       ||     1
         Tailslap          |     5 |       ||     5
   Cast: Sting             |    40 |       ||    40
         Mephitic Cloud    |     1 |       ||     1
   Stab: Sleeping          |     3 |       ||     3
 Armour: Skin              |    17 |       ||    17
  Dodge: Dodged            |    57 |     1 ||    58
